Map: Oxide LE

Players

Harstem - Winner!

  • Race: Protoss Protoss

uThermal

  • Race: Terran Terran

Event: DreamHack SC2 Masters 2021 Winter

VOD

Have the link to the VOD?

Description

Time

  • Played on: Oct. 2, 2021, 12:03 p.m.
  • Length: 19:03

All games in this series

Show
View Real Time Build Order
Export as new Build Order

Harstem Protoss - Winner!

Build Orders: 1 Gate Expand, Oracle Opening, Phoenix Opening, Colossus Rush 

Get SALT Encoding   

  12  0:00  Probe  
  13  0:12  Probe  
  14  0:17  Pylon  
  14  0:24  Probe  
  15  0:35  Gateway  
  15  0:37  Probe (Chrono Boost)  
  16  0:46  Assimilator, Probe (Chrono Boost)  
  17  0:51  Probe (Chrono Boost)  
  18  1:03  Probe  
  19  1:15  Probe  
  20  1:22  Cybernetics Core  
  20  1:34  Nexus  
  20  1:43  Pylon  
  20  1:45  Probe  
  21  1:52  Assimilator  
  21  1:57  Probe  
  21  1:58  Adept (Chrono Boost)  
  24  2:09  Probe (Chrono Boost)  
  25  2:20  Probe (Chrono Boost)  
  25  2:21  Adept  
  28  2:27  Stargate  
  28  2:28  Probe  
  28  2:35  Warp Gate  
  29  2:42  Probe  
  30  2:46  Probe (Chrono Boost)  
  30  2:51  Adept  
  35  2:58  Probe (Chrono Boost)  
  35  2:59  Probe (Chrono Boost)  
  35  3:06  Probe (Chrono Boost)  
  35  3:08  Gateway, Probe (Chrono Boost)  
  35  3:11  Oracle  
  40  3:14  Probe  
  40  3:18  Probe  
  42  3:21  Pylon  
  42  3:26  Probe  
  43  3:30  Robotics Facility, Probe  
  44  3:36  Assimilator  
  44  3:39  Probe  
  45  3:43  Probe  
  45  3:46  Assimilator  
  46  3:51  Probe  
  46  3:52  Shield Battery  
  46  3:55  Probe  
  48  3:57  Phoenix  
  48  3:59  Pylon  
  50  4:03  Probe  
  50  4:07  Probe  
  52  4:14  Immortal (Chrono Boost)  
  52  4:15  Probe  
  57  4:19  Robotics Bay  
  57  4:22  Pylon  
  57  4:30  Zealot x2  
  61  4:34  Probe  
  62  4:43  Pylon  
  62  4:44  Phoenix, Probe, Pylon  
  65  4:52  Observer (Chrono Boost)  
  66  4:54  Zealot  
  66  4:56  Sentry  
  66  5:06  Probe  
  63  5:10  Probe  
  63  5:11  Colossus (Chrono Boost)  
  70  5:17  Phoenix  
  70  5:19  Pylon  
  72  5:23  Gateway  
  72  5:25  Extended Thermal Lance  
  72  5:46  Colossus (Chrono Boost), Nexus  
  72  5:48  Probe  
  79  5:51  Pylon  
  79  5:53  Probe  
  80  6:00  Probe  
  81  6:07  Probe  
  82  6:15  Probe  
  83  6:19  Phoenix, Probe  
  83  6:22  Twilight Council  
  83  6:23  Forge  
  83  6:25  Shield Battery  
  86  6:27  Probe  
  86  6:31  Probe  
  77  6:34  Zealot x2, Sentry  
  77  6:39  Probe  
  80  6:52  Probe (Chrono Boost)  
  80  6:59  Probe (Chrono Boost)  
  82  7:03  Protoss Ground Weapons Level 1 (Chrono Boost)  
  82  7:04  Probe (Chrono Boost), Sentry  
  85  7:10  Probe x2 (Chrono Boost)  
  85  7:11  Probe (Chrono Boost)  
  85  7:15  Probe x2 (Chrono Boost)  
  87  7:21  Probe  
  90  7:23  Charge (Chrono Boost)  
  90  7:26  Probe  
  90  7:27  Phoenix  
  90  7:29  Probe  
  94  7:31  Zealot  
  94  7:41  Stalker x2  
  89  7:52  Probe x2  
  89  7:54  Probe  
  90  8:00  Colossus (Chrono Boost)  
  90  8:04  Probe  
  90  8:05  Probe  
  98  8:06  Probe  
  98  8:12  Zealot x2, Sentry  
  103  8:15  Shield Battery  
  103  8:16  Probe  
  106  8:20  Phoenix (Chrono Boost)  
  106  8:25  Pylon  
  106  8:26  Probe  
  109  8:29  Probe  
  109  8:30  Probe  
  111  8:38  Probe  
  111  8:39  Zealot x2  
  116  8:41  Probe  
  116  8:46  Pylon  
  118  8:48  Gateway  
  118  8:50  Templar Archives  
  118  8:58  Warp Prism (Chrono Boost)  
  118  9:01  Probe  
  120  9:03  Protoss Ground Armor Level 1 (Chrono Boost), Probe  
  120  9:04  Probe  
  122  9:13  Probe  
  122  9:15  Probe  
  122  9:16  Probe  
  125  9:19  Assimilator  
  125  9:20  Pylon  
  125  9:21  Pylon  
  125  9:24  Assimilator  
  125  9:25  Probe  
  125  9:27  Probe, Sentry, Pylon  
  125  9:28  High Templar x2  
  125  9:30  Pylon  
  133  9:32  Pylon  
  133  9:33  Archon  
  133  9:41  Disruptor (Chrono Boost)  
  133  9:43  Probe  
  133  9:45  Photon Cannon  
  137  9:57  High Templar x2  
  141  10:01  Archon  
  141  10:03  Nexus  
  141  10:06  Gateway, Probe  
  142  10:07  Gateway  
  142  10:13  Gateway  
  142  10:14  High Templar x2  
  142  10:15  Pylon  
  142  10:18  Gateway, Archon  
  146  10:26  Disruptor (Chrono Boost)  
  149  10:28  Probe, Pylon  
  149  10:32  Photon Cannon  
  150  10:44  Zealot x2  
  150  10:46  Protoss Ground Armor Level 2 (Chrono Boost), Pylon  
  154  10:50  Disruptor (Chrono Boost)  
  154  10:52  Blink  
  154  10:57  Probe, Gravitic Drive  
  158  10:59  Probe  
  158  11:00  Gateway  
  158  11:01  Zealot  
  158  11:03  Gateway  
  161  11:12  Zealot x2  
  161  11:13  Zealot  
  165  11:19  Robotics Facility  
  165  11:20  Disruptor (Chrono Boost)  
  168  11:28  High Templar x2  
  168  11:29  Zealot x3  
  168  11:32  Pylon  
  178  11:33  Archon  
  178  11:35  Photon Cannon  
  178  11:36  Photon Cannon  
  178  11:42  Photon Cannon  
  178  11:43  Probe x2  
  178  11:44  Photon Cannon  
  178  11:46  Shield Battery  
  180  12:00  Zealot x7  
  192  12:04  Probe  
  193  12:08  Disruptor  
  192  12:21  Disruptor  
  193  12:29  Zealot x4  
  199  12:36  Dark Shrine  
  187  12:39  Zealot x6  
  187  12:44  Disruptor  
  196  13:01  Stalker x3  
  194  13:10  Stalker x5  
  197  13:22  Zealot  
  199  13:31  Protoss Ground Weapons Level 2 (Chrono Boost)  
  190  13:37  Probe  
  190  13:41  Forge  
  189  13:42  Zealot x3  
  189  13:43  Zealot x2  
  199  13:52  Shadow Stride (Chrono Boost)  
  181  13:55  Zealot x3  
  181  13:56  Zealot x2  
  181  13:57  Probe  
  190  14:03  Nexus  
  190  14:06  Pylon  
  190  14:07  Observer  
  191  14:11  Zealot x4  
  199  14:18  Disruptor  
  186  14:40  Dark Templar x4  
  186  14:41  Dark Templar x5  
  186  14:43  Dark Templar  
  195  14:54  Protoss Ground Armor Level 3 (Chrono Boost)  
  195  14:59  Probe  
  172  15:15  Stalker x4, Zealot x5  
  172  15:16  Zealot  
  192  15:21  Colossus  
  188  15:29  Probe  
  188  15:30  Probe  
  188  15:32  Photon Cannon  
  188  15:33  Colossus  
  190  15:41  Zealot x6  
  200  15:48  Photon Cannon  
  195  15:50  Photon Cannon  
  195  15:56  Zealot x4  
  197  16:14  Zealot x3  
  197  16:15  Disruptor  
  183  16:20  Zealot x4  
  183  16:22  Zealot x3  
  148  16:35  Probe  
  148  16:38  Disruptor  
  152  16:40  Dark Templar x3  
  152  16:41  Dark Templar x4  
  166  16:48  Sentry x2  
  166  16:49  Observer  
  170  16:56  Zealot  
  168  17:13  Photon Cannon  
  168  17:16  Stalker x4  
  168  17:17  Zealot x6  
  168  17:19  Photon Cannon  
  168  17:21  Disruptor  
  189  17:37  Probe  
  189  17:42  Disruptor  
  187  17:56  Disruptor  
  190  18:01  Dark Templar  
  190  18:02  Zealot x4  
  200  18:06  Nexus  
  200  18:07  Pylon  
  200  18:12  Zealot, Dark Templar  
  188  18:13  Zealot x3  
  188  18:17  Observer  
  192  18:24  Assimilator  
  191  18:28  Probe x2  
  191  18:29  Probe  
  191  18:30  Probe  
  191  18:31  Assimilator  
  191  18:32  Stalker x2  
  199  18:35  Assimilator  
  199  18:44  Assimilator  
Show
View Real Time Build Order
Export as new Build Order

uThermal Terran 

Build Orders:  

Get SALT Encoding   

  12  0:00  SCV  
  13  0:12  SCV  
  14  0:17  Supply Depot  
  14  0:24  SCV  
  15  0:39  SCV  
  15  0:40  Barracks  
  16  0:43  Refinery  
  16  0:51  SCV  
  17  1:03  SCV  
  18  1:15  SCV  
  19  1:27  Marine, Orbital Command  
  20  1:42  Command Center  
  20  1:46  Barracks Reactor  
  20  1:53  SCV  
  21  1:56  Supply Depot  
  21  2:05  SCV  
  21  2:07  Barracks  
  22  2:17  SCV  
  22  2:21  Barracks  
  22  2:22  Marine  
  23  2:23  Marine  
  26  2:30  SCV  
  26  2:40  Marine  
  26  2:41  Marine  
  26  2:42  SCV  
  29  2:54  SCV, Orbital Command  
  29  2:56  Barracks Tech Lab  
  29  2:58  Marine  
  30  2:59  Marine  
  32  3:06  SCV  
  32  3:10  Barracks Tech Lab  
  33  3:15  Stimpack, Marine  
  33  3:16  Marine  
  33  3:17  Marine  
  33  3:18  SCV  
  37  3:20  SCV  
  38  3:27  Supply Depot  
  38  3:29  Combat Shield, Marine  
  38  3:30  SCV  
  38  3:33  Marine  
  38  3:34  SCV, Marine x2  
  44  3:42  SCV  
  44  3:46  SCV  
  46  3:49  Marauder  
  46  3:51  Marauder, Marine  
  46  3:52  Marine  
  46  3:53  Supply Depot  
  46  3:54  SCV  
  53  3:58  SCV  
  53  3:59  Factory  
  54  4:05  Engineering Bay  
  54  4:14  Supply Depot, Marine x4  
  54  4:15  SCV  
  59  4:17  SCV  
  59  4:23  Bunker  
  60  4:27  SCV  
  60  4:29  SCV  
  59  4:32  Marine x2  
  59  4:37  Terran Infantry Weapons Level 1  
  60  4:39  SCV  
  60  4:43  Refinery  
  60  4:46  SCV, Refinery  
  60  4:47  Marine  
  60  4:49  Marine  
  60  4:52  Marine  
  63  4:53  SCV  
  63  4:58  SCV  
  65  5:01  Marine  
  65  5:05  SCV  
  63  5:10  Missile Turret  
  63  5:11  Marauder, SCV  
  63  5:12  Marine  
  64  5:17  SCV  
  65  5:22  Missile Turret  
  65  5:23  SCV  
  65  5:27  Starport  
  66  5:29  SCV, Factory Reactor, Marine  
  66  5:35  Supply Depot, SCV  
  69  5:36  Marine  
  70  5:46  Supply Depot  
  70  5:56  Marauder x2, Supply Depot, SCV x2, Marine  
  77  5:59  Concussive Shells, Marine  
  72  6:08  SCV  
  72  6:09  SCV  
  74  6:12  Refinery, Factory Tech Lab  
  74  6:14  Marine  
  74  6:16  Medivac x2  
  74  6:17  Marine  
  74  6:18  Marauder x2  
  80  6:20  Supply Depot, SCV  
  80  6:22  SCV  
  82  6:31  Marine  
  83  6:32  SCV  
  83  6:34  SCV  
  83  6:39  Marauder  
  87  6:44  SCV, Siege Tank  
  87  6:46  Medivac, SCV  
  87  6:47  Marauder, Marine  
  86  6:52  Medivac  
  86  6:54  Command Center  
  86  6:57  SCV  
  87  7:03  Marine, Barracks  
  87  7:04  Marine  
  87  7:05  Barracks  
  87  7:07  Marine  
  90  7:09  Supply Depot, Marine  
  90  7:12  Terran Infantry Armor Level 1  
  90  7:13  SCV  
  92  7:16  SCV  
  92  7:21  Marine  
  92  7:22  Siege Tank, Marine  
  97  7:27  SCV, Marine  
  97  7:28  Marine  
  100  7:30  Supply Depot  
  100  7:39  Marine  
  100  7:41  Marauder  
  97  7:45  Marine  
  97  7:46  Marauder  
  97  7:47  Medivac  
  97  7:49  Medivac  
  97  7:54  Siege Tank  
  97  7:55  SCV x2  
  97  7:57  Marine  
  97  7:59  Barracks Tech Lab, Barracks Reactor  
  97  8:01  Missile Turret, Marine  
  98  8:07  SCV, Marine x2  
  98  8:09  Missile Turret  
  98  8:10  SCV  
  102  8:17  Missile Turret, Marine x2  
  102  8:19  SCV  
  105  8:20  Marauder  
  105  8:22  SCV  
  105  8:26  Siege Tank  
  111  8:28  Marine x2  
  111  8:31  SCV  
  114  8:35  SCV  
  114  8:37  Missile Turret x2  
  115  8:42  Marine x2  
  115  8:43  Marauder  
  119  8:48  Sensor Tower  
  119  8:53  Marauder, Marine  
  119  8:55  Marine  
  123  8:58  Siege Tank  
  123  9:00  Missile Turret  
  125  9:04  Bunker  
  125  9:05  Bunker  
  125  9:06  Marine  
  126  9:14  Marine x2  
  126  9:15  Missile Turret  
  126  9:16  Marauder  
  130  9:19  Orbital Command  
  130  9:21  Marine  
  130  9:22  Marine  
  130  9:23  Marine  
  133  9:28  Viking  
  81  9:31  Viking  
  135  9:36  Armory  
  135  9:38  Marauder  
  139  9:39  Marine  
  139  9:43  Marine  
  141  9:46  Siege Tank, Armory  
  141  9:47  Marine  
  141  9:48  Marauder  
  141  9:51  Supply Depot  
  147  9:56  Missile Turret  
  147  9:58  Missile Turret, Viking  
  149  10:05  Supply Depot  
  149  10:10  Supply Depot  
  149  10:12  Viking, Marine x2  
  153  10:14  Ghost Academy  
  153  10:18  Supply Depot  
  153  10:21  Marine  
  153  10:22  Marauder  
  157  10:35  Terran Infantry Weapons Level 2, Command Center  
  156  10:38  Widow Mine x2  
  160  10:43  Enhanced Shockwaves  
  160  10:44  Ghost x2  
  160  10:47  Ghost  
  166  10:55  Marine x2  
  166  10:56  Refinery  
  168  10:57  Refinery  
  168  11:00  Widow Mine x2  
  168  11:01  Bunker  
  168  11:03  Viking  
  174  11:07  Viking  
  174  11:08  Missile Turret  
  174  11:10  Supply Depot  
  176  11:16  Supply Depot  
  176  11:17  Ghost  
  176  11:18  Supply Depot  
  178  11:20  Marine  
  178  11:21  Marauder  
  181  11:32  Ghost  
  180  11:34  Ghost  
  184  11:40  Missile Turret  
  184  11:44  Viking x2, Marine  
  184  11:45  Marauder, Marine  
  192  11:52  Marine  
  193  11:59  SCV  
  194  12:02  Marauder  
  196  12:09  Marine  
  196  12:10  Marauder  
  196  12:13  Marine  
  196  12:15  Marine  
  200  12:20  Marauder  
  172  12:23  Marine  
  172  12:24  Widow Mine x2, Viking x2  
  172  12:27  Marine  
  182  12:31  Marauder, Marine  
  182  12:33  Marauder  
  182  12:36  Planetary Fortress  
  184  12:38  SCV  
  184  12:41  Marauder, Marine  
  188  12:45  Marine  
  188  12:50  Widow Mine x2  
  188  12:51  Terran Infantry Armor Level 2, Marine  
  188  12:55  Marine  
  189  12:58  Marine  
  189  12:59  Marauder  
  189  13:02  Marine  
  188  13:08  Marine  
  188  13:10  Marine  
  190  13:13  Marauder  
  190  13:17  Marauder  
  194  13:21  Liberator x2  
  189  13:35  Ghost  
  189  13:39  Ghost  
  193  13:42  Barracks  
  193  13:43  Ghost, Barracks  
  193  13:44  Barracks  
  193  13:45  Bunker  
  193  13:47  Missile Turret  
  195  13:52  Ghost  
  195  13:54  Marine  
  198  14:18  Ghost  
  198  14:20  Ghost  
  199  14:35  Ghost  
  199  14:46  Refinery, Command Center  
  199  14:47  Refinery  
  199  14:48  Command Center  
  199  14:58  Supply Depot  
  199  15:00  Supply Depot  
  199  15:07  Missile Turret  
  199  15:08  Medivac  
  199  15:10  Missile Turret  
  194  15:14  Medivac  
  196  15:29  Ghost  
  196  15:31  Ghost  
  194  15:38  Medivac  
  189  15:44  Medivac  
  183  15:56  Marine x4  
  188  15:57  Marauder x2  
  188  15:58  Marauder  
  188  16:01  Marauder  
  192  16:06  Marine  
  192  16:08  Medivac  
  195  16:14  Medivac  
  195  16:18  Marauder  
  171  16:21  Marauder, Marine x2  
  171  16:22  Marauder  
  155  16:29  Marine x2  
  155  16:30  Marauder  
  117  16:36  Marine  
  117  16:37  Liberator  
  117  16:39  Marauder, Marine, Orbital Command  
  120  16:43  Marauder x2, Marine  
  120  16:44  Liberator  
  120  16:45  Engineering Bay  
  120  16:46  Sensor Tower  
  128  16:47  Marine x2  
  128  16:51  Marauder  
  128  16:53  Marine  
  133  16:57  Marine  
  133  17:00  Marine  
  133  17:01  Marauder  
  137  17:04  Marauder  
  137  17:05  Marauder, Marine  
  142  17:10  Marine  
  142  17:13  Marauder  
  145  17:20  Liberator  
  145  17:22  Marauder  
  150  17:25  Ghost x2  
  150  17:27  Liberator  
  157  17:30  Marine x2  
  157  17:32  Marine  
  157  17:33  Marine  
  157  17:34  Marauder, Marine  
  164  17:44  Marauder  
  166  17:48  Marine x2  
  166  17:50  Marine  
  169  17:54  Marauder, Orbital Command  
  169  17:58  Marauder, Marine  
  170  18:03  Viking  
  159  18:08  Marine  
  159  18:09  Marauder  
  135  18:13  Liberator  
  135  18:14  Marine  
  135  18:17  Marine  
  140  18:31  Marine  

Tags
 
Add a new tag
Caveats
  • Supply blocks, unpowered buildings, or Contaminate may cause inaccurate times.
  • Supply counts are checked every 10 seconds.